AoeStats
← AloneArcher

Hideout

509002587Analyzed
1v1 RM · 8d ago on Sep 25, 2026· 49m 54s· 2 players
Game mode
Random Map
Map size
Tiny (2 player)
Population
200
Speed
Normal
Resources
Standard
Victory
Conquest
Starting age
Dark Age
Ending age
Imperial Age
RankedLock teamsTeams togetherTeam positionsShared explorationLock speedFull tech treeHidden civsTurbo modeCheats
Victory
Defeat
🇹🇷 Turks · Türkiye
719
+18
🇨🇦 Saxons · Canada
767
-18
Eyeball013
8:16 Loom
10:40 Feudal Age
12:44 Horse Collar
16:35 Castle Age
15:19 Stone Mining
16:09 Scale Mail Armor
18:13 Double-Bit Axe
19:02 Fletching
21:39 Bow Saw
23:13 Heavy Plow
24:13 Chain Mail Armor
23:49 Arson
24:31 Squires
24:47 Town Watch
25:38 Gambesons
25:57 Padded Archer Armor
27:13 Bodkin Arrow
27:34 Leather Archer Armor
28:34 Wheelbarrow
29:05 Forging
29:18 Ballistics
28:57 Murder Holes
30:42 Iron Casting
32:20 Hand Cart
33:12 Gold Mining
36:07 Clerical Recruitment
37:02 Redemption
41:11 Gold Shaft Mining
41:24 Scale Barding Armor
41:57 Sanctity
44:45 Imperial Age
42:19 Town Patrol
43:39 Bloodlines
43:30 Husbandry
44:30 Chain Barding Armor
44:54 Cavalier
46:21 Thumb Ring
46:41 Block Printing
47:03 Theocracy
46:00 Capped Ram
46:18 Elite Varangian Guard
48:19 Chemistry
AloneArcher
11:21 Feudal Age
12:26 Horse Collar
12:39 Gold Mining
12:39 Double-Bit Axe
18:45 Castle Age
17:47 Stone Mining
20:02 Bow Saw
22:57 Heavy Plow
24:29 Gold Shaft Mining
28:56 Imperial Age
32:05 Two-Man Saw
33:30 Wheelbarrow
32:43 Town Watch
32:43 Loom
36:31 Hand Cart
36:17 Town Patrol
38:26 Conscription
38:37 Bombard Tower
41:15 Scale Barding Armor
41:11 Padded Archer Armor
41:01 Fletching
41:22 Forging
41:13 Scale Mail Armor
42:09 Heavy Camel Rider
43:00 Bloodlines
45:29 Chain Barding Armor
45:24 Leather Archer Armor
45:05 Bodkin Arrow
45:46 Iron Casting
45:27 Chain Mail Armor
44:40 Elite Janissary
Connection lost

Rejoining the realm…

Still unreachable

The connection could not be restored.

Session expired

The server has moved on; the page needs a fresh start.